[Event "*** Titled Tuesday Blitz"]
[Site "Chess.com"]
[Date "2020.05.19"]
[Round "5"]
[White "CzechmVIII"]
[Black "S_Kalvaitis"]
[Result "0-1"]
[WhiteElo "2197"]
[BlackElo "2349"]
[TimeControl "180+1"]
[EndTime "12:57:35 PDT"]
[Termination "S_Kalvaitis won by resignation"]

1. e4 e5 2. Nf3 Nc6 3. Bb5 a6 4.
Ba4 Nf6 5. O-O Be7 6. Re1 b5 7. Bb3 O-O 8. d3 d6 9. a3 Na5 10. Ba2 c5 11. Nbd2 Nc6 12. c3 h6 13. Nf1 Re8 14. Ng3 Bf8 15. Nh4 Kh7 16. Bxf7 Re7 17.
Ba2 Bg4 18. f3 Bc8 19. Nhf5 Rb7 20. f4 g6 21. Nh4 exf4 22. Bxf4 g5 23. Bxg5 hxg5 24.
Nhf5 Bxf5 25. Nxf5 Ne5 26. Bd5 Nxd5 27. Qh5+ Kg8 28.
exd5 Rh7 29. Qe2 Qf6 30. Rf1 Qg6 31. Rae1 Qh5 32. Qxh5 Rxh5 33. d4 cxd4 34. cxd4 Nd3 35. Re6 Nf4 36. Re4 Nxd5 37. Ng3 Rh7 38. Rf5 Ne7 39.
Rxg5+ Rg7 40. Rxg7+ Kxg7 41. Re6 Rd8 42. Nh5+ Kf7 43.
Re4 d5 44. Rf4+ Ke6 45. Ng3 Bg7 46. Rg4 Bf6 47. Kf1 Rf8 48. Ke2 Rg8 49. Rxg8 Nxg8 50. Kf3 Bxd4 51. Nh5 Bxb2 52. g4 Bxa3 53. Nf4+ Kd6 54. h4 b4 55. h5 b3 56. Nd3 b2 57.
Nxb2 Bxb2 58. g5 a5 59. h6 Nxh6 60. gxh6 a4 61. Ke2 a3 62. Kd3 a2 63. h7 a1=Q 0-1

[Event "*** Titled Tuesday Blitz"]
[Site "Chess.com"]
[Date "2020.05.19"]
[Round "5"]
[White "Sebastian"]
[Black "WildBizon"]
[Result "0-1"]
[WhiteElo "2887"]
[BlackElo "2634"]
[TimeControl "180+1"]
[EndTime "12:57:36 PDT"]
[Termination "WildBizon won by resignation"]

1. e4 c6 2. d4 d5 3. e5 Bf5 4. Nf3 e6 5. Be2 Ne7 6. c3 h6 7. O-O Bg6 8. Nbd2 Nf5 9. g4 Nh4 10. Nxh4 Qxh4 11. f4 h5 12. g5 f6 13. Nf3 Qg4+ 14. Kh1 Be4 15. Bd3 f5 16. Be2 h4 17.
Rg1 Qh3 18. Be3 Nd7 19. Qf1 Qxf1 20. Rgxf1 h3 21. Kg1 Be7 22. b4 a5 23. bxa5 Rxa5 24. a4 Kf7 25. Nd2 Rha8 26. Nxe4 dxe4 27. Rfb1 b5 28.
Bd1 Nb6 29. Kf2 Nxa4 30. Bd2 Nb6 31. Rxa5 Rxa5 32. Be2 Ra2 33. Ke1 Nd5 34. Rb3 e3 35.
Bc1 Rc2 36. Kd1 Rxc3 37. Rxc3 Nxc3+ 38. Ke1 Nxe2 39. Kxe2 c5 40. Bxe3 c4 41. Bd2 b4 42.
Kf3 c3 43. Be1 c2 44. Bd2 b3 45. Bc1 Bb4 46. Ke2 Bc3 47. Kd3 b2 48. Kxc2 bxc1=Q+ 49. Kxc1 Bxd4 0-1

[Event "*** Titled Tuesday Blitz"]
[Site "Chess.com"]
[Date "2020.05.19"]
[Round "5"]
[White "dretch"]
[Black "GMBenjaminFinegold"]
[Result "1-0"]
[WhiteElo "2721"]
[BlackElo "2544"]
[TimeControl "180+1"]
[EndTime "12:57:36 PDT"]
[Termination "dretch won by checkmate"]

1. d4 Nf6 2. c4 c5 3. d5 e5 4.
Nc3 d6 5. e4 Be7 6. Be2 Nbd7 7.
Nf3 Nf8 8. a3 Ng6 9. b4 b6 10.
O-O O-O 11. Rb1 h6 12. Bd2 Nh7 13. bxc5 bxc5 14. Qa4 Bd7 15. Qa6 f5 16. Bd3 f4 17.
Rb2 Bg4 18. Be2 Bxf3 19. Bxf3 Ng5 20. Bg4 f3 21. g3 Kh8 22. Rb7 Nf4 23. gxf4 exf4 24.
e5 Qe8 25. Rxe7 Qxe7 26. Qxd6 Qe8 27. h4 Rd8 28. Qc6 Qxe5 29. hxg5 Rd6 30. Qxd6 Qxd6 31. Re1 Qg6 32. Re5 Re8 33. Be6 Qc2 34. Be1 Qd3 35. Nb5 Qxc4 36. Nd6 Qd4 37. Nf7+ Kh7 38. Bf5+ g6 39.
Rxe8 gxf5 40. d6 Kg7 41. Re7 Kf8 42. g6 Qf6 43. Kf1 Qxg6 44. Bc3 Qg2+ 45. Ke1 Qg1+ 46.
Kd2 Qxf2+ 47. Kd3 Qf1+ 48. Kc2 Qb5 49. Nd8 Qa4+ 50. Kb2 f2 51. Ne6+ Kg8 52. Rg7+ Kh8 53. Rg2+ Kh7 54. Nf8# 1-0

[Event "*** Titled Tuesday Blitz"]
[Site "Chess.com"]
[Date "2020.05.19"]
[Round "5"]
[White "Hangar-18"]
[Black "Quiet_Desperation"]
[Result "1-0"]
[WhiteElo "2314"]
[BlackElo "2074"]
[TimeControl "180+1"]
[EndTime "12:57:36 PDT"]
[Termination "Hangar-18 won on time"]

1. b3 d6 2. Bb2 Nc6 3. e3 e5 4. c4 Nf6 5. d4 exd4 6. exd4 d5 7.
Nd2 Bb4 8. Nf3 O-O 9. Be2 Re8 10. O-O Bg4 11. c5 Bxd2 12. Qxd2 Ne4 13. Qf4 Bh5 14.
Rfe1 Nb4 15. Ne5 Bg6 16. f3 Nf6 17. Nxg6 hxg6 18. Qd2 Nc6 19. b4 a6 20. a4 Ne7 21.
b5 axb5 22. axb5 Qd7 23. Bf1 Nf5 24. Bc3 Kh7 25. Qf4 Rxa1 26. Rxa1 Nh5 27. Qd2 Ne3 28. Rb1 Nf4 29. Qf2 Nxf1 30. Qh4+ Kg8 31. Qxf4 Ne3 32. Re1 Nf5 33. g4 Rxe1+ 34. Bxe1 Qe7 35.
Bf2 Nh6 36. b6 cxb6 37. cxb6 Kh7 38. Qc7 Qe2 39. Kg2 g5 40. h3 Qa6 41. Qd6 Qc4 42. Qe7 Ng8 43. Qxg5 Nf6 44. Qf5+ Kg8 45. g5 1-0

[Event "*** Titled Tuesday Blitz"]
[Site "Chess.com"]
[Date "2020.05.19"]
[Round "5"]
[White "manitodeplomo"]
[Black "14Sokol88"]
[Result "1-0"]
[WhiteElo "2607"]
[BlackElo "2419"]
[TimeControl "180+1"]
[EndTime "12:57:37 PDT"]
[Termination "manitodeplomo won on time"]

1. d4 Nf6 2. c4 d6 3. Nc3 g6 4.
e4 Bg7 5. Be2 O-O 6. Nf3 e5 7.
d5 a5 8. Bg5 h6 9. Bh4 g5 10. Bg3 Nxe4 11. Nxe4 f5 12. Nc3 f4 13. Nd2 Nd7 14. Nde4 Nf6 15. O-O Nxe4 16. Nxe4 Bf5 17. Bd3 Qe8 18. f3 fxg3 19. Nxg3 Bd7 20. Bc2 Rf4 21.
Qd3 Rd4 22. Qh7+ Kf8 23. b3 Qf7 24. Rae1 Qg8 25. Qxg8+ Kxg8 26. Bf5 Be8 27. Be6+ Kh8 28. Nf5 Rd2 29. Rf2 Rxf2 30. Kxf2 Bg6 31. Ke3 h5 32. g4 h4 33. Ke4 Bf6 34. h3 b6 35.
Re3 Kh7 36. Rc3 Be8 37. Rc2 Bd8 38. Ne3 Kg7 39. Bf5 Kf6 40. Kd3 c5 41. dxc6 Bxc6 42.
Be4 Rc8 43. Bxc6 Rxc6 44. Ke4 Ke6 45. Rd2 Rc8 46. Nf5 Bc7 47. Rd5 Ra8 48. a3 Rc8 49.
Ng7+ Kf7 50. Nf5 Ke6 51. Ne3 Ra8 52. Rd3 Bd8 53. Nd5 Ra7 54. Nc3 Ra8 55. Nb5 1-0

[Event "*** Titled Tuesday Blitz"]
[Site "Chess.com"]
[Date "2020.05.19"]
[Round "5"]
[White "Tacticusbd"]
[Black "Zufi1811"]
[Result "1/2-1/2"]
[WhiteElo "2408"]
[BlackElo "2560"]
[TimeControl "180+1"]
[EndTime "12:57:37 PDT"]
[Termination "Game drawn by repetition"]

1. e4 c5 2. b3 Nc6 3. Bb2 e5 4. Bb5 Nge7 5. Ne2 d6 6. O-O a6 7. Bxc6+ Nxc6 8. Nbc3 Be7 9. Nd5 O-O 10. f4 f5 11.
fxe5 dxe5 12. d3 f4 13. Kh1 Be6 14. c4 Bd6 15. Ng1 Nd4 16. Nf3 g5 17. Nxd4 cxd4 18. Qh5 Kh8 19. Rac1 Rc8 20. Qh6 Bxd5 21. cxd5 Rxc1 22. Rxc1 Qf6 23. Qxf6+ Rxf6 24. Rc8+ Rf8 25. Rxf8+ Bxf8 26. Kg1 Kg7 27. Kf2 h5 28. Bc1 Bb4 29. Ke2 g4 30. Kf2 Kg6 31. g3 f3 32. Bb2 Bd2 33. Ba3 Kf7 34. Bd6 Kf6 35. Bc5 Be3+ 36. Kf1 Bg5 37. Bd6 h4 38. gxh4 Bxh4 39. b4 Bg5 40. a4 Bf4 41. Kg1 Kf7 42. b5 axb5 43. axb5 Ke8 44. Bc5 Kd7 45. Bb4 Ke8 46. Bc5 Kd7 47.
Bb4 Be3+ 48. Kf1 Bf4 49. Kg1 1/2-1/2

[Event "*** Titled Tuesday Blitz"]
[Site "Chess.com"]
[Date "2020.05.19"]
[Round "5"]
[White "LADIESGET2KNOWME"]
[Black "ErikRonka"]
[Result "1-0"]
[WhiteElo "2546"]
[BlackElo "2375"]
[TimeControl "180+1"]
[EndTime "12:57:38 PDT"]
[Termination "LADIESGET2KNOWME won on time"]

1. e4 g6 2. d4 Bg7 3. Nc3 c6 4. Nf3 d6 5. Bg5 Qb6 6. Rb1 Bg4 7. Be3 Nd7 8. Be2 Ngf6 9. e5 Nd5 10. Nxd5 cxd5 11. O-O O-O 12. h3 Bxf3 13. Bxf3 e6 14. Be2 dxe5 15. dxe5 Qa5 16. f4 Qxa2 17. c4 Nb6 18.
Ra1 Qxb2 19. Rb1 Qa3 20. Rb3 Qa2 21. c5 Nc4 22. Bd4 Rab8 23. Rf2 Qa5 24. Bf1 Qc7 25. Ra2 b6 26. Qa1 bxc5 27. Rxa7 Qc6 28. Rxb8 Rxb8 29. Bf2 Nb6 30. Qa6 d4 31. Bb5 Qd5 32. Rc7 d3 33. Bxd3 Qxd3 34. Qxd3 c4 35. Qd6 Nd5 36. Ra7 Rb1+ 37.
Kh2 h5 38. Qd7 c3 39. Qxf7+ 1-0

[Event "*** Titled Tuesday Blitz"]
[Site "Chess.com"]
[Date "2020.05.19"]
[Round "5"]
[White "zajka-molotok"]
[Black "PetrolulSah"]
[Result "1-0"]
[WhiteElo "2335"]
[BlackElo "2179"]
[TimeControl "180+1"]
[EndTime "12:57:38 PDT"]
[Termination "zajka-molotok won on time"]

1. d4 Nf6 2. c4 c6 3. Nc3 d5 4.
Qb3 dxc4 5. Qxc4 Nbd7 6. Nf3 Nb6 7. Qd3 Be6 8. b3 Nbd5 9. Nxd5 Bxd5 10. Nd2 Qa5 11.
f3 g6 12. e4 Be6 13. Be2 Bg7 14. O-O O-O 15. Bb2 Rfd8 16. Nc4 Qc7 17. Qe3 Nh5 18. f4 Bxc4 19. Bxc4 c5 20. e5 cxd4 21. Bxd4 e6 22. Rac1 Qd7 23. Bxa7 Bh6 24. g3 Ng7 25. Bb6 Nf5 26. Qf2 Rdc8 27. Rc2 Qc6 28. Rfc1 Qd7 29. Bf1 Bf8 30. Rxc8 Rxc8 31. Rxc8 Qxc8 32. g4 Ne7 33. h3 Nd5 34. Bd4 Qc1 35. f5 gxf5 36. gxf5 Qg5+ 37. Qg2 Qxg2+ 38. Bxg2 b5 39. fxe6 fxe6 40. Kf2 Kf7 41. Bf1 b4 42. Bc4 Be7 43. Kf3 Nc7 44. Ke4 1-0

[Event "*** Titled Tuesday Blitz"]
[Site "Chess.com"]
[Date "2020.05.19"]
[Round "5"]
[White "ChessicallyInclined"]
[Black "nitpicker"]
[Result "1-0"]
[WhiteElo "2498"]
[BlackElo "2308"]
[TimeControl "180+1"]
[EndTime "12:57:39 PDT"]
[Termination "ChessicallyInclined won on time"]

1. d4 Nf6 2. c4 e6 3. Nc3 Bb4 4. e3 d5 5. Ne2 O-O 6. a3 Bd6 7. Ng3 c6 8. Be2 Nbd7 9. O-O Re8 10. b4 dxc4 11. Bxc4 e5 12. Qb3 Rf8 13. Nf5 Bc7 14. Rd1 e4 15. d5 Nxd5 16. Bxd5 cxd5 17. Nxd5 Be5 18. Bb2 Qg5 19. Nde7+ Kh8 20. Rxd7 Bxd7 21. Bxe5 Bxf5 22. Nd5 Be6 23. Qc3 Bxd5 24. Rd1 Bc6 25.
h3 f6 26. Bd6 Rfe8 27. Rd4 Rad8 28. Qc4 Qg6 29. b5 Bd7 30. a4 Bxh3 31. g3 Be6 32. Qc7 Rd7 33. Qa5 Red8 34. Qxa7 Rxd6 35. Rxd6 Rxd6 36. Qb8+ Bg8 37. Qxd6 Qe8 38. Qc7 Qf7 39. Qb8 Qd5 40. b6 h6 41. Qa7 Qc6 42. a5 1-0

[Event "*** Titled Tuesday Blitz"]
[Site "Chess.com"]
[Date "2020.05.19"]
[Round "5"]
[White "vanyakuba"]
[Black "BulletMercenary"]
[Result "0-1"]
[WhiteElo "2441"]
[BlackElo "2121"]
[TimeControl "180+1"]
[EndTime "12:57:39 PDT"]
[Termination "BulletMercenary won on time"]

1. e4 e6 2. d4 d5 3. exd5 exd5 4.
Nf3 Nf6 5. c4 Be7 6. Nc3 O-O 7.
cxd5 Nxd5 8. Bc4 Be6 9. Qb3 c6 10. Bxd5 Bxd5 11. Nxd5 Qxd5 12. Qxb7 Nd7 13. O-O Rfb8 14.
Qa6 Bf6 15. Rd1 Nc5 16. Qe2 Ne6 17. Be3 Rb4 18. Qc2 Rab8 19. b3 g6 20. Rac1 R4b6 21. Qc4 Qa5 22. Rc2 Rd8 23. h3 Rd5 24. Qc3 Qxc3 25.
Rxc3 c5 26. Rcc1 cxd4 27. Bd2 Kg7 28. Rc4 Nc5 29. Bb4 Ne6 30. Kf1 a5 31. Ba3 Rb7 32. Bb2 Rbd7 33. g4 h5 34. gxh5 gxh5 35. Ba3 Kg6 36. h4 Kf5 37. Nd2 Bxh4 38. f3 Bf6 39. Ne4 Nf4 40. Bb2 Be5 41. Re1 d3 42. Rd1 Bxb2 43.
Nc5 Rc7 44. Ne4 Rxc4 45. bxc4 Rd8 46. Rb1 Be5 47. Rb5 d2 48. Nxd2 Rxd2 49. Rxa5 h4 0-1

[Event "*** Titled Tuesday Blitz"]
[Site "Chess.com"]
[Date "2020.05.19"]
[Round "5"]
[White "Yuri202062"]
[Black "yobdc"]
[Result "0-1"]
[WhiteElo "2431"]
[BlackElo "2011"]
[TimeControl "180+1"]
[EndTime "12:57:39 PDT"]
[Termination "yobdc won on time"]

1. d4 Nf6 2. c4 e6 3. Nc3 Bb4 4. e3 O-O 5. Bd3 d5 6. cxd5 exd5 7. Ne2 Re8 8. O-O c6 9. f3 Nbd7 10. e4 Nf8 11. e5 N6d7 12. f4 f6 13. Kh1 Nb6 14.
Ng3 c5 15. a3 Bxc3 16. bxc3 c4 17. Bb1 Bd7 18. Ra2 Na4 19. Bd2 b5 20. Bc2 Rb8 21. Qf3 Rb6 22. Qxd5+ Be6 23. Qf3 Bd5 24. Be4 Bxe4 25.
Nxe4 f5 26. Nd6 Rxd6 27. exd6 Qxd6 28. Raa1 Nb2 29. Rae1 Rd8 30. Re5 Nd3 31. Rxb5 Qxa3 32. Rxf5 Qb2 33. Qe3 a5 34. Qe7 Qb8 35. Rf7 Kh8 36. Rxg7 Rd7 37. Qxd7 Nxd7 38. Rxd7 a4 39.
f5 a3 40. Bg5 a2 41. Bf6+ Kg8 42. Rg7+ Kf8 43. Rxh7 Qb1 0-1

[Event "*** Titled Tuesday Blitz"]
[Site "Chess.com"]
[Date "2020.05.19"]
[Round "5"]
[White "Kobalia"]
[Black "Kildepiotr"]
[Result "1-0"]
[WhiteElo "2798"]
[BlackElo "2573"]
[TimeControl "180+1"]
[EndTime "12:57:40 PDT"]
[Termination "Kobalia won by resignation"]

1. e4 e6 2. d3 c5 3. Nf3 Nc6 4. g3 g6 5. Bg2 Bg7 6. O-O Nge7 7. Re1 d6 8. c3 O-O 9. d4 cxd4 10. cxd4 d5 11.
e5 b5 12. Nc3 b4 13. Na4 Na5 14. Bf4 Ba6 15. Nc5 Bb5 16. Qd2 Nec6 17. Bg5 Qc7 18. Bf6 h6 19. b3 Nb7 20. Rac1 Nxc5 21.
Rxc5 Qb7 22. h4 Rfc8 23. h5 a5 24. hxg6 fxg6 25. Bh3 Re8 26. Bxg7 Kxg7 27. Nh2 Nd8 28. Rec1 Re7 29. Ng4 Nf7 30. Qf4 Rae8 31. Kg2 Bd3 32. Nf6 Rf8 33. Qd2 Ba6 34. Bg4 Ng5 35. f3 Ref7 36. Rh1 Rxf6 37. exf6+ Rxf6 38. Rhc1 Rf7 39. Qe3 Qe7 40. Qe5+ Qf6 41. Rc7 Qxe5 42. dxe5 Be2 43.
Rxf7+ Nxf7 44. Bxe6 Nxe5 45. Bxd5 Nd3 46. Rc7+ Kf6 47. f4 Kf5 48. Re7 1-0

[Event "*** Titled Tuesday Blitz"]
[Site "Chess.com"]
[Date "2020.05.19"]
[Round "5"]
[White "rekosheten"]
[Black "mirandamikadze"]
[Result "1-0"]
[WhiteElo "2356"]
[BlackElo "1995"]
[TimeControl "180+1"]
[EndTime "12:57:40 PDT"]
[Termination "rekosheten won on time"]

1. Nf3 d5 2. c4 c6 3. d4 Nf6 4. cxd5 cxd5 5. Nc3 Nc6 6. Bf4 Bf5 7. Qb3 Na5 8. Qa4+ Bd7 9. Qc2 e6 10. e3 Be7 11. Bd3 Nc6 12. a3 Rc8 13. O-O O-O 14.
Kh1 h6 15. Rg1 Nh5 16. Be5 Nxe5 17. dxe5 g6 18. Bxg6 fxg6 19. Qxg6+ Ng7 20. Qxh6 Qe8 21. Ne2 Qh5 22. Qxh5 Nxh5 23. Ned4 Ng7 24. g4 Bc5 25. Kg2 Be8 26. Rac1 Bg6 27. Ng5 Bb6 28. Kg3 Rxc1 29. Rxc1 Re8 30. h4 Kf8 31. h5 Nxh5+ 32. gxh5 Bxh5 33. Ndxe6+ Ke7 34. Nf4 Bf7 35. e6 Bg8 36. Nxd5+ Kd6 37. Nxb6 axb6 38. Rd1+ Ke5 39. f4+ Kf6 40.
Rd6 Re7 41. Rxb6 Kg6 42. Kg4 Kf6 43. e4 Kg6 44. e5 Kh6 45. f5 Re8 46. e7+ 1-0

[Event "*** Titled Tuesday Blitz"]
[Site "Chess.com"]
[Date "2020.05.19"]
[Round "5"]
[White "Alexander_Zubov"]
[Black "Gordima"]
[Result "0-1"]
[WhiteElo "2939"]
[BlackElo "2783"]
[TimeControl "180+1"]
[EndTime "12:57:41 PDT"]
[Termination "Gordima won on time"]

1. d4 Nf6 2. Nf3 d5 3. c4 e6 4. Nc3 Bb4 5. cxd5 exd5 6. Bg5 h6 7. Bh4 O-O 8. Rc1 Bf5 9. e3 Nbd7 10. Be2 c6 11. O-O Bd6 12. a3 a5 13. Na4 Qb8 14.
Bg3 Ne4 15. Bxd6 Qxd6 16. Nd2 Rfe8 17. Nxe4 Bxe4 18. Rc3 Re7 19. Qd2 Bf5 20. Re1 Qg6 21.
f3 Rae8 22. Bf1 Qg5 23. b4 axb4 24. axb4 h5 25. b5 Nf6 26. bxc6 bxc6 27. Nc5 h4 28. Kf2 Bg6 29. Bd3 Bf5 30. Ra3 Qg6 31. Qc2 Bxd3 32.
Qxd3 Qh5 33. Rc3 Nh7 34. h3 Qg5 35. Kf1 Nf6 36. Qd2 Nh5 37. Qc1 Ng3+ 38. Kf2 Nf5 39.
e4 Qg3+ 40. Kf1 Nxd4 41. Rd3 Ne6 42. Rde3 Nf4 43. Qc2 dxe4 44. Nxe4 Qh2 45. Nf6+ gxf6 46. Rxe7 Qh1+ 0-1

[Event "*** Titled Tuesday Blitz"]
[Site "Chess.com"]
[Date "2020.05.19"]
[Round "5"]
[White "Lucas_Tomiello"]
[Black "ZarinaShafigullina"]
[Result "0-1"]
[WhiteElo "2180"]
[BlackElo "2337"]
[TimeControl "180+1"]
[EndTime "12:57:41 PDT"]
[Termination "ZarinaShafigullina won by checkmate"]

1. e4 c5 2. Nf3 Nc6 3. Bb5 g6 4. Bxc6 bxc6 5. O-O Bg7 6. Re1 Nh6 7. d3 f6 8. Nc3 Nf7 9. h3 e5 10. Nh2 O-O 11. f4 d5 12. Nf3 Re8 13. fxe5 Nxe5 14. Nxe5 fxe5 15. Qf3 Be6 16. Qg3 c4 17. exd5 cxd5 18.
dxc4 d4 19. Ne4 Bxc4 20. Bg5 Qb6 21. b3 Bd5 22. c4 dxc3+ 23. Kh2 Bxe4 24. Rxe4 Rac8 25.
Rc1 c2 26. Re2 e4 27. Rexc2 Rxc2 28. Rxc2 e3 29. Re2 Be5 30. Bf4 Bxf4 31. Qxf4 Kg7 32. h4 h6 33. Rc2 Re7 34. Re2 Qc5 35. Kg3 g5 36. hxg5 hxg5 37. Qc4 Qd6+ 38. Kf3 Qf6+ 39.
Kg3 Qd6+ 40. Kf3 Qd1 41. Qc3+ Kf7 42. Qc4+ Kg7 43. Qc5 Qf1+ 44. Kg3 Qf4+ 45. Kh3 Qh4# 0-1

[Event "*** Titled Tuesday Blitz"]
[Site "Chess.com"]
[Date "2020.05.19"]
[Round "5"]
[White "SuperCheese"]
[Black "GMKrikor"]
[Result "0-1"]
[WhiteElo "2562"]
[BlackElo "2764"]
[TimeControl "180+1"]
[EndTime "12:57:43 PDT"]
[Termination "GMKrikor won by resignation"]

1. d4 Nf6 2. c4 g6 3. Nc3 d5 4. cxd5 Nxd5 5. e4 Nxc3 6. bxc3 c5 7. Be3 Bg7 8. Nf3 Qa5 9. Qd2 Nc6 10. Rb1 cxd4 11. cxd4 O-O 12. Qxa5 Nxa5 13. Be2 b6 14. O-O e6 15. Rfc1 Bb7 16. Bd3 Rac8 17. Kf1 Rfd8 18. Ke2 h6 19. h4 Kf8 20. Rxc8 Rxc8 21. Rc1 Rxc1 22. Bxc1 Ke8 23. Bd2 Nc6 24. Ke3 f5 25.
Bc3 Ne7 26. Ne5 fxe4 27. Bxe4 Nd5+ 28. Bxd5 Bxd5 29. Nxg6 Bxa2 30. Nf4 a5 31. g4 Bf6 32. g5 hxg5 33. hxg5 Bxg5 34. Ke4 Kd7 35. d5 exd5+ 36. Nxd5 Kc6 37. Ne3 a4 38. f4 Bh6 39. f5 b5 40.
f6 Bf8 41. Nf5 b4 42. Ba1 Bf7 43. Ne7+ Kc5 44. Ke5 Kc4 45. Nf5 a3 46. Nd6+ Bxd6+ 47.
Kxd6 b3 48. Ke7 Bh5 49. Be5 b2 50. Bd6 b1=Q 51. f7 Bxf7 0-1

[Event "*** Titled Tuesday Blitz"]
[Site "Chess.com"]
[Date "2020.05.19"]
[Round "5"]
[White "imdarealist"]
[Black "Treacherous_horse64"]
[Result "1-0"]
[WhiteElo "2244"]
[BlackElo "2391"]
[TimeControl "180+1"]
[EndTime "12:57:43 PDT"]
[Termination "imdarealist won by checkmate"]

1. d4 d5 2. Bf4 Nf6 3. e3 c5 4. c3 Qb6 5. Qb3 Nc6 6. Nd2 c4 7. Qc2 g6 8. e4 e6 9. Ngf3 Bg7 10. e5 Nd7 11. h4 h5 12. Ng5 Ne7 13. f3 Qa5 14. Bxc4 b5 15. Bd3 Bb7 16. b4 Qb6 17.
Nb3 Nf5 18. Nc5 Nxc5 19. bxc5 Qc6 20. Qb3 a6 21. Rb1 Bc8 22. a4 Bd7 23. axb5 axb5 24. O-O Rb8 25. g3 Ke7 26. Ra1 b4 27. Rfb1 bxc3 28.
Qxc3 Rxb1+ 29. Rxb1 Ra8 30. Rb6 Qc7 31. Qb4 Bc6 32. Bb5 Bxb5 33. Qxb5 Nxd4 34. Qb4 Nc6 35. Qb5 Qd7 36. Rb7 Nb8 37. c6 Qxb7 38. Qxb7+ Kd8 39. Qxa8 Kc7 40. Qb7+ Kd8 41. c7+ Ke7 42. c8=Q+ Nd7 43. Qbxd7# 1-0

[Event "*** Titled Tuesday Blitz"]
[Site "Chess.com"]
[Date "2020.05.19"]
[Round "5"]
[White "H3nriqueTV"]
[Black "esskeettit"]
[Result "0-1"]
[WhiteElo "2106"]
[BlackElo "2319"]
[TimeControl "180+1"]
[EndTime "12:57:43 PDT"]
[Termination "esskeettit won by resignation"]

1. e4 c5 2. Nf3 Nc6 3. b3 d6 4. Bb2 e5 5. c3 Nf6 6. Bd3 Be7 7.
O-O O-O 8. Bc2 Bg4 9. h3 Bh5 10. Re1 Rc8 11. d3 Re8 12. Nbd2 d5 13. Nf1 d4 14.
Ng3 Bg6 15. Qe2 dxc3 16. Bxc3 Nd4 17. Bxd4 cxd4 18. Nxe5 Bb4 19. Nxg6 Bxe1 20. Nf4 Bb4 21. a3 Bf8 22. b4 Qc7 23. Ba4 Qxf4 24. Bxe8 Nxe8 25.
Nf5 Nd6 26. Nxd4 Qe5 27. Nb3 Nb5 28. Rf1 Qc3 29. Qg4 Rd8 30. Nc5 Bxc5 31. bxc5 Qxd3 32. Qh4 Nc3 33. Qe7 Qd7 34. Qe5 Qd4 35. Qe7 h6 36. Kh1 Nxe4 37. Qh4 Nxc5 38. f4 Qd3 39. Rf3 Qd1+ 40.
Kh2 Ne4 41. Re3 Nf6 42. Re1 Qd4 43. Qg3 Re8 44. Re5 Rxe5 45. fxe5 Ne4 46. Qf4 Qd5 47.
Qf5 Nd6 48. Qf4 Nc4 49. Qf5 Qxe5+ 50. Qxe5 Nxe5 0-1

[Event "*** Titled Tuesday Blitz"]
[Site "Chess.com"]
[Date "2020.05.19"]
[Round "5"]
[White "IngOscarArdila"]
[Black "1f3_2g41-0"]
[Result "0-1"]
[WhiteElo "2038"]
[BlackElo "2305"]
[TimeControl "180+1"]
[EndTime "12:57:43 PDT"]
[Termination "1f3_2g41-0 won by resignation"]

1. d4 Nf6 2. Nf3 g6 3. g3 Bg7 4. Bg2 O-O 5. O-O d5 6. Nbd2 Nc6 7. c3 Bf5 8. Re1 Re8 9. Nh4 Qd7 10. Nxf5 gxf5 11.
Nf3 e6 12. Bf4 Ne4 13. Qc1 Qe7 14. Bh6 Bxh6 15. Qxh6 Qf6 16. Qh5 Qg6 17. Qh4 Qf6 18.
Qxf6 Nxf6 19. e3 Ne4 20. Rad1 f6 21. Nh4 Kf7 22. f3 Nd6 23. Bf1 Na5 24. b3 Rac8 25. Rc1 c5 26. dxc5 Rxc5 27. b4 Rc6 28. bxa5 Nc4 29. Bxc4 Rxc4 30. Rb1 Re7 31. Rb3 Ra4 32. Reb1 Rxa5 33. Rxb7 Rxa2 34. Rxe7+ Kxe7 35. Rb7+ Kd6 36. Rxh7 a5 37. Ra7 a4 38. Ng6 Ra3 39. h4 Rxc3 40.
Rxa4 Rxe3 41. Kg2 Re2+ 42. Kh3 Kc5 43. h5 d4 44. h6 Re1 45. Nh4 Rb1 46. Ra8 Rb7 47.
Rc8+ Kd6 48. Rd8+ Kc5 49. Ng2 Rh7 50. Nf4 Rxh6+ 51. Kg2 e5 52. Rc8+ Kd6 53. Nd3 e4 54.
Nf4 d3 55. Rd8+ Kc5 56. Rd5+ Kc4 57. Rxf5 e3 58. Rd5 e2 59. Nxe2 dxe2 60. Kf2 Rh2+ 61. Ke1 Kxd5 0-1

[Event "*** Titled Tuesday Blitz"]
[Site "Chess.com"]
[Date "2020.05.19"]
[Round "5"]
[White "Man-Chuk"]
[Black "Radzio1987"]
[Result "0-1"]
[WhiteElo "2731"]
[BlackElo "2910"]
[TimeControl "180+1"]
[EndTime "12:57:44 PDT"]
[Termination "Radzio1987 won by resignation"]

1. d4 Nf6 2. Nf3 d5 3. c4 e6 4. Nc3 Bb4 5. cxd5 exd5 6. Bg5 h6 7. Bh4 O-O 8. e3 Bf5 9. Be2 Nbd7 10. Qb3 Bxc3+ 11. Qxc3 c6 12. Nd2 a5 13. Bg3 Re8 14. a4 Qb6 15. Ra3 c5 16. Rb3 Qa7 17. Nf3 Ne4 18.
Qc1 Rac8 19. Qd1 c4 20. Rb5 Nb6 21. Ne5 f6 22. Bg4 Bxg4 23. Nxg4 c3 24. O-O cxb2 25.
Rxb2 Nc4 26. Rb5 Nc3 27. Qf3 Qa6 28. Rxd5 Nxd5 29. Qxd5+ Qe6 30. Qxe6+ Rxe6 31. h4 h5 32. Nh2 Rb6 33. Nf3 Nb2 34. d5 Nxa4 35. d6 Rd8 36.
Ra1 Nc3 37. Rxa5 Ne2+ 38. Kh2 Nxg3 39. Kxg3 Rbxd6 40. Rxh5 Rd5 41. Rxd5 Rxd5 42. Nd4 Ra5 43. Kf3 Kf7 44. Ke4 Ra2 45. Kf3 Rb2 46. g4 b5 47.
e4 b4 48. Ke3 b3 49. f3 Rb1 50.
Kd2 b2 51. Kc3 Rd1 52. Kxb2 Rxd4 0-1

[Event "*** Titled Tuesday Blitz"]
[Site "Chess.com"]
[Date "2020.05.19"]
[Round "5"]
[White "temus_galaktionov"]
[Black "Slovak_fighter2000"]
[Result "0-1"]
[WhiteElo "2692"]
[BlackElo "2551"]
[TimeControl "180+1"]
[EndTime "12:57:45 PDT"]
[Termination "Slovak_fighter2000 won by resignation"]

1. d4 Nf6 2. Nf3 e6 3. c4 d5 4. Nc3 Bb4 5. cxd5 exd5 6. Bg5 O-O 7. e3 h6 8. Bxf6 Qxf6 9. Bd3 c6 10. O-O Bg4 11.
h3 Bxf3 12. Qxf3 Qxf3 13. gxf3 Nd7 14. Ne2 Nf6 15. Kg2 a5 16. f4 Rfe8 17. Kf3 g6 18.
Rg1 Kf8 19. h4 Ne4 20. h5 gxh5 21. Rh1 Nf6 22. Ng3 Ke7 23. Nf5+ Ke6 24. Nxh6 Rh8 25. Nf5 Rag8 26. Rag1 Rxg1 27. Rxg1 Bf8 28. Rh1 Rg8 29. Ng3 Rh8 30. Bf5+ Kd6 31. Rh3 a4 32. Ne2 b5 33.
b3 axb3 34. axb3 Rg8 35. Ng3 Rh8 36. Rh1 h4 37. Bd3 Kc7 38. Rh3 Kb6 39. Nf5 Ka5 40. Bc2 Kb4 41. Ke2 Kc3 42. Bd1 Ne4 43. Nxh4 Be7 44. f3 Nd6 45. Nf5 Rxh3 46. Nxe7 Rh2+ 47. Ke1 Kd3 48. Nxc6 Kxe3 49. Be2 Rxe2+ 50. Kf1 Rb2 51.
Ne7 Kxf3 52. Nxd5 Rxb3 0-1

[Event "*** Titled Tuesday Blitz"]
[Site "Chess.com"]
[Date "2020.05.19"]
[Round "5"]
[White "DDTerziev04"]
[Black "NormWeinstein"]
[Result "0-1"]
[WhiteElo "2251"]
[BlackElo "2444"]
[TimeControl "180+1"]
[EndTime "12:57:45 PDT"]
[Termination "NormWeinstein won by resignation"]

1. e4 c5 2. Nf3 d6 3. d4 Nf6 4. dxc5 Qa5+ 5. Nc3 Nxe4 6. cxd6 Nxc3 7. bxc3 Qxc3+ 8.
Bd2 Qc5 9. dxe7 Bxe7 10. Bd3 Bf5 11. O-O O-O 12. Be3 Qc8 13. Nd4 Bxd3 14. cxd3 Bf6 15. Rc1 Qd7 16. Nf3 Nc6 17. Qb3 Rac8 18. Rfd1 b6 19.
d4 Rfd8 20. Qa4 Qd5 21. Qb3 Ne7 22. Rxc8 Rxc8 23. Qa3 Rc7 24. h3 h6 25. Bf4 Rd7 26.
Re1 g5 27. Bg3 Kg7 28. Ne5 Bxe5 29. Bxe5+ f6 30. Bg3 Nf5 31. Kh2 Nxd4 32. Re7+ Rxe7 33. Qxe7+ Qf7 34. Qe4 Ne6 35. Qd5 Nc5 36. Qc6 Kg6 37. a3 Qd7 38. Qa8 Kg7 39. Qf3 Qf7 40. Qe3 Ne6 41.
Qc3 Nf8 42. Qd4 Ng6 43. Qe4 h5 44. f4 h4 45. Bf2 Nxf4 46. Be3 Ng6 47. Bd4 Qc7+ 48.
Kh1 Qc1+ 49. Kh2 Qf4+ 50. Qxf4 Nxf4 51. Kg1 Ne2+ 0-1

[Event "*** Titled Tuesday Blitz"]
[Site "Chess.com"]
[Date "2020.05.19"]
[Round "5"]
[White "GMCarbone"]
[Black "EnergeticHay"]
[Result "1-0"]
[WhiteElo "2325"]
[BlackElo "2153"]
[TimeControl "180+1"]
[EndTime "12:57:45 PDT"]
[Termination "GMCarbone won by resignation"]

1. d4 Nf6 2. c4 g6 3. g3 Bg7 4. Bg2 d6 5. Nc3 O-O 6. Nf3 c5 7. O-O Nc6 8. e3 e5 9. d5 Ne7 10. a3 Nd7 11. Ne1 f5 12. Nd3 g5 13. f4 Ng6 14.
Rb1 gxf4 15. exf4 e4 16. Nf2 Bd4 17. Ne2 Bg7 18. Be3 h5 19. Nh3 Nf6 20. Kh1 Ng4 21.
Bg1 Bf6 22. b4 b6 23. Qd2 Kg7 24. Ng5 Bxg5 25. fxg5 h4 26. Nf4 hxg3 27. h3 N4e5 28. Nh5+ Kh8 29. Nxg3 Nxc4 30. Qe2 Nce5 31. Qh5+ Kg8 32.
bxc5 bxc5 33. Bxe4 fxe4 34. Nxe4 Bf5 35. Nf6+ Rxf6 36.
gxf6 Bxb1 37. f7+ Kf8 38. Qh6+ Ke7 39. Rxb1 Qh8 40. Qg5+ Qf6 41. Rb7+ Nd7 42. Rxd7+ Kxd7 43. Qxf6 Nf8 44. Be3 Kc7 45. Bh6 Nd7 46. Qe7 Rb8 47.
f8=Q Rb1+ 48. Kg2 Rb2+ 49. Kg3 Rb3+ 50. Kg4 Rb4+ 51. axb4 cxb4 1-0